lixian, chaotic female human Rogue ---- ---- |..--- --- --..| ---....----.-- --- |...-----------------------------##-# |........|...| |..--------....[..S..........................# |.-----.|....| |...............q.>.......-----------..-----[--- |.|-- ----.--- ---.-----...........----- --- |...| |...| ----- ---|.|.-- |.| |.| |..---....(..-- ..-- -----...--- ---.----...--- |..|....| |.| |.| ---- |..^..[..-- -..---.........| |...|......|--.......-- |.| |.| --.........----........----..| ---........||.........---|.| |.| ---..................-...| --- |.^....-----..........||.| |.| |..............[.........| |......| |.--......--|.| ----.| --......................--- ---......| -- |......|--.| --....--- --........................---- --......*-- ---.-...-|...| |.......| |............................-- |........----- |.......--.--- --.--...| ---...........................| |.........--.---.....-#<..| -- --..-- ---...^.--....--..---.......| -......)......[....----.--- |...| |....--|..------- --.....-- |..----------..---..||...| --.-- |...-- ---- --...-- |. ---- ----|..-- --- ----- ----- -- |..| ---- lixian the Rogue Experience level: 6 Strength: 15 Dexterity: 18 Constitution: 13 Intelligence: 10 Wisdom: 10 Charisma: 10 Health: 0(40) Energy: 28(28) Def: 9 Gold: 270 Moves: 2432 Dungeon seed: QM9Wpkxyc2Ua2WLJ Game ID: lixian_1534437801 Your Inventory: Coins $ - 270 gold pieces Weapons a - an uncursed rusty +0 dagger named Sharptooth (weapon in hand) b - 10 uncursed +0 daggers (in quiver) d - a blessed +1 dart f - a cursed poisoned -1 dart r - an uncursed +0 orcish dagger w - 3 uncursed +0 daggers x - 59 uncursed +0 darts Armor e - an uncursed +1 leather armor (being worn) q - an uncursed +2 pair of leather gloves (being worn) y - an uncursed +1 pair of kicking boots (being worn) z - an uncursed +0 cloak of invisibility (being worn) Comestibles M - an uncursed cherry Wands p - an uncursed wand of light (0:11) L - an uncursed wand of sleep (0:5) Tools g - an uncursed blindfold k - an uncursed lock pick m - an uncursed magic whistle A - 8 uncursed wax candles (0:400) B - an uncursed sack C - an uncursed +0 pick-axe F - 4 uncursed tallow candles (0:200) G - 4 cursed wax candles (0:400) R - 3 cursed tallow candles (0:200) V - an uncursed tin whistle W - an uncursed towel Contents of the sack: 199 gold pieces an uncursed scroll of enchant weapon an uncursed scroll of gold detection an uncursed scroll of identify an uncursed scroll of remove curse an uncursed scroll of scare monster Spells and supernatural/magical abilities: Name Level Category Fail Memory W - pray for help -- divine ? -- Your skills at the end: Fighting Skills Weapon Skills dagger [Skilled] short sword [Basic] Spellcasting Skills Final Attributes: You were piously aligned. You were hallucinating. You were stunned. You were invisible. You were stealthy. You are dead. Vanquished creatures: a giant beetle a gnome mummy a yellow light 6 gnome lords a gnomish wizard a straw golem 6 dwarves a wererat an iguana a hobbit a giant rat a brown mold 19 gnomes a gnome zombie a gecko 4 jackals a fox 2 goblins 4 sewer rats 2 grid bugs a lichen a kobold zombie 3 newts and a partridge in a pear tree 61 creatures vanquished. Voluntary challenges: You used a wielded weapon 85 times, starting on turn 95. You read items or engraved 50 times, starting on turn 1581. You never genocided any monsters. You never polymorphed an object. You never changed form. You used no wishes. You never split a pudding. You wrote Elbereth's name 47 times, starting on turn 1866. You never violated your personal moral code. Dungeon overview: The Dungeons of Doom: levels 1 to 4 Level 1 a long staircase Level 2 a weapon shop, a fountain Level 3 an armor shop Level 4 a fountain stairs to The Gnomish Mines The Gnomish Mines: levels 5 to 7 Level 5 stairs to The Dungeons of Doom Level 6 <- You were here Level 7 a fountain, some trees History has recorded: On T:1 you entered the Dungeons of Doom to retrieve the Amulet of Yendor! On T:140 you reached level 2 of The Dungeons of Doom. On T:179 you reached level 3 of The Dungeons of Doom. On T:412 you advanced to experience level 2. On T:506 you reached level 4 of The Dungeons of Doom. On T:1016 you reached level 1 of The Gnomish Mines. On T:1035 you advanced to experience level 3. On T:1089 you advanced to experience level 4. On T:1440 you reached level 2 of The Gnomish Mines. On T:1537 you advanced to experience level 5. On T:1815 you reached level 3 of The Gnomish Mines. On T:1926 you advanced to experience level 6. Score breakdown: Gold: 469 ( 9089 points) Experience: 6 levels (12456 points) Exploration: 7 levels ( 14.00%) (10497 points) Discoveries: 3 items ( 1.01%) ( 3010 points) Valuables value: (no points given unless you survive) Artifact value: 0 ( 0 points) Variety of kills: 23 monsters ( 6.04%) ( 7370 points) Turncount: 2432 turns ( -289 points) Survival: died (score multiplied by 80%) Total score: 33706 Latest messages: It kicks! You begin praying to Kos. You feel something move nearby. (4x) You feel that Kos is pleased as punch. You take off your blindfold. You can see! The ice devil hits! The killer bee misses. The master mind flayer misses. The manes kicks! The sleep ray bounces! The sleazoid hits! The kobold zombie misses. The straw golem hits! The giant ant kicks! The large kobold hits! The water nymph kicks! You die... Final status: Goodbye lixian the Rogue, killed by a hallucinogen-distorted plains centaur... You died in The Gnomish Mines on dungeon level 6 with 33706 points, and 469 pieces of gold, after 2432 moves. You were level 6 with a maximum of 40 hit points when you died.